AoeStats
← JhordanST

Arabia

509036446Analyzed
1v1 RM · 6d ago on Sep 25, 2026· 45m 14s· 2 players
Game mode
Random Map
Map size
Tiny (2 player)
Population
200
Speed
Normal
Resources
Standard
Victory
Conquest
Starting age
Dark Age
Ending age
Imperial Age
RankedLock teamsTeams togetherTeam positionsShared explorationLock speedFull tech treeHidden civsTurbo modeCheats
Victory
Defeat
🇺🇸 Mongols · United States
977
+15
🇵🇪 Britons · Peru
964
-15
JhordanST
9:10 Feudal Age
10:05 Double-Bit Axe
10:01 Horse Collar
21:00 Castle Age
20:05 Forging
21:17 Scale Barding Armor
21:20 Gold Mining
24:17 Wheelbarrow
24:42 Pikeman
25:47 Heavy Plow
27:43 Iron Casting
27:12 Squires
30:39 Loom
30:49 Town Watch
32:06 Arson
32:23 Fletching
35:53 Gold Shaft Mining
35:31 Bow Saw
39:56 Imperial Age
37:18 Crossbowman
38:34 Bodkin Arrow
39:05 Town Patrol
39:24 Padded Archer Armor
41:17 Bracer
41:53 Leather Archer Armor
41:09 Halberdier
46:15 Blast Furnace
46:06 Ballistics
JRRudy1
6:11 Loom
8:30 Feudal Age
10:09 Town Watch
11:20 Double-Bit Axe
15:18 Horse Collar
22:24 Castle Age
25:10 Scale Barding Armor
25:31 Forging
25:13 Fletching
28:01 Bloodlines
29:04 Heavy Plow
29:16 Bow Saw
29:45 Wheelbarrow
28:40 Elite Skirmisher
31:06 Bodkin Arrow
33:51 Chain Barding Armor
33:32 Padded Archer Armor
34:46 Forging
38:35 Imperial Age
37:06 Hand Cart
37:00 Town Patrol
37:43 Light Cavalry
38:23 Husbandry
38:40 Leather Archer Armor
41:24 Thumb Ring
41:24 Bracer
42:28 Chemistry
41:49 Ballistics
42:12 Iron Casting
43:15 Hussar
Connection lost

Rejoining the realm…

Still unreachable

The connection could not be restored.

Session expired

The server has moved on; the page needs a fresh start.